 Dungeon Crawl Stone Soup version 0.25.1-2-g60ff931df9 (webtiles) character file.

Game seed: 10597560904636873361

121 DoubleLucky the Grave Robber (level 4, -2/30 HPs)
             Began as a Vampire Necromancer on Sept 29, 2020.
             Slain by a worker ant (5 damage)
             ... on level 3 of the Dungeon.
             The game lasted 00:16:30 (2961 turns).

DoubleLucky the Grave Robber (Vampire Necromancer)  Turns: 2961, Time: 00:16:31

Health: -2/30      AC:  2    Str:  7    XL:     4   Next: 76%
Magic:  3/8        EV: 12    Int: 18    God:
Gold:   123        SH:  0    Dex: 14    Spells: 7/9 levels left

rFire    . . .     SeeInvis +   e - +0 dagger
rCold    . . .     Gourm    .   (no shield)
rNeg     . . .     Faith    .   a - +0 robe
rPois    .         Spirit   .   (no helmet)
rElec    .         Reflect  .   (no cloak)
rCorr    .         Harm     .   (no gloves)
MR       .....                  (no boots)
Stlth    ++........             (no amulet)
HPRegen  0.30/turn              (no ring)
MPRegen  0.11/turn              (no ring)

@: lethally poisoned (-2 -> -14), regenerating quickly
A: no food, fangs 3, see invisible, unbreathing
a: Exsanguinate


You were on level 3 of the Dungeon.
You were alive.

You visited 1 branch of the dungeon, and saw 3 of its levels.

You collected 123 gold pieces.

Inventory:

Hand Weapons
 e - a +0 dagger (weapon)
Armour
 a - a +0 robe (worn)
 h - a +0 buckler
 l - a +0 leather armour
Wands
 m - a wand of enslavement (12)
Scrolls
 b - a scroll of magic mapping {unknown}
 c - 3 scrolls of amnesia {unknown}
Potions
 d - a potion of curing {unknown}
 f - a potion of might {unknown}
 g - a potion of ambrosia {unknown}
 i - 2 potions of lignification {unknown}
 j - 2 potions of haste {unknown}
 k - a potion of mutation {unknown}


   Skills:
 * Level 3.1 Short Blades
 - Level 2.1 Dodging
 - Level 3.0 Stealth
 + Level 3.1 Spellcasting
 - Level 5.0 Necromancy


You had 7 spell levels left.
You knew the following spells:

 Your Spells              Type           Power        Failure   Level  Hunger
a - Pain                  Necr           ###.         1%          1    N/A
b - Animate Skeleton      Necr           N/A          1%          1    N/A

Your spell library contained the following spells:

 Spells                   Type           Power        Failure   Level  Hunger
 Vampiric Draining        Necr           ###.......   6%          3    N/A
 Animate Dead             Necr           N/A          21%         4    N/A
 Agony                    Necr           ###.....     50%         5    N/A

Dungeon Overview and Level Annotations

Branches:
Dungeon (3/15)

Altars:
Okawaru


Innate Abilities, Weirdness & Mutations

You do not eat.
Your natural rate of healing is unusually fast.
You have razor-sharp teeth.
You have supernaturally acute eyesight. (SInv)
You can survive without breathing.


Message History

Press: ? - help, Shift-Dir - straight line, f/p - worker ant
Aim: a worker ant (severely wounded, chance to defeat MR: 85%)
The worker ant barely resists.
You feel sick. The worker ant bites you!
* * * LOW HITPOINT WARNING * * *
The worker ant bites you.
* * * LOW HITPOINT WARNING * * *
You are more poisoned.
The worker ant poisons you!
Press: ? - help, v - describe, . - travel
Here: a worker ant (severely wounded)
The floor.
Casting: Pain (safe; 1% risk of failure)
Confirm with . or Enter, or press ? or * to list all spells.
Aiming: Pain (safe; 1% risk of failure)
Press: ? - help, Shift-Dir - straight line, f/p - worker ant
Aim: a worker ant (severely wounded, chance to defeat MR: 85%)
The worker ant writhes in agony.
* * * LOW HITPOINT WARNING * * *
You feel sick. The worker ant bites you.
You die...

#...............##....#
#...........#.###..##.# #
...........##...#..##.# ##
$..$................#.###.
............))............
...........###...)........
...........###............
#.......a#..##.##.........
.......?.@#....##.........
..........###.............
..........# ##.###........
........... #.# #........
.....$....#. .............
.............#.###........
......... #.# #........
......... ............
..#........


You could see a worker ant.

Vanquished Creatures
  A worker ant (D:3)
  4 adders
  An ooze (D:1)
  A dart slug (D:2)
  A leopard gecko (D:2)
  3 orcs (D:3)
  A ball python (D:2)
  6 bats
  A giant cockroach (D:1)
  7 goblins
  6 hobgoblins
  A quokka (D:2)
  12 frilled lizards
  5 kobolds
  5 rats
55 creatures vanquished.

Notes
Turn   | Place    | Note
-------+----------+-------------------------------------------
     0 | D:1      | DoubleLucky the Vampire Necromancer began the quest for the
                  | Orb.
     0 | D:1      | Reached XP level 1. HP: 13/13 MP: 3/3
   458 | D:1      | Reached XP level 2. HP: 19/19 MP: 1/5
  1538 | D:2      | Reached skill level 1 in Short Blades
  1560 | D:2      | Reached XP level 3. HP: 24/24 MP: 3/6
  2102 | D:2      | Reached skill level 5 in Necromancy
  2137 | D:2      | Learned a level 1 spell: Animate Skeleton
  2367 | D:2      | Reached XP level 4. HP: 30/30 MP: 6/8
  2585 | D:3      | Found an iron altar of Okawaru.
  2961 | D:3      | Slain by a worker ant

Illustrated notes

Levels and vault maps discovered:
D:1:      dpeg_cavernosity, layout_basic
D:2:      layout_basic, minmay_lizard_king
D:3:      layout_rooms, okawaru_metal_pillars_1_2, first_ration

Skill      XL: |  1  2  3  4 |
---------------+-------------+-----
Short Blades   | 1 2 3 |  3.1
Necromancy     | 5 |  5.0
Spellcasting   | 3 |  3.1
Dodging        | |  2.1
Stealth        | |  3.0

Action                   |  1- 3 |  4- 6 || total
-------------------------+-------+-------++-------
Melee: Mace              |     9 |       ||     9
       Dagger            |    33 |     4 ||    37
       Bite              |     4 |     1 ||     5
 Cast: Pain              |    67 |    27 ||    94
 Stab: Sleeping          |     4 |     1 ||     5
Armor: Robe              |     8 |       ||     8
Dodge: Dodged            |    35 |     5 ||    40
